 Dungeon Crawl Stone Soup version 0.29.1-13-g9f3cf754e1 (webtiles) character file.

Game seed: 4224653665835971662

30218 sanboga the Severer (level 13, 0/107 HPs)
             Began as a Minotaur Monk on Feb 2, 2023.
             Was a High Priest of Hepliaklqana.
             Slain by a sixfirhy (3 damage)
             ... led by a cacodemon
             ... on level 5 of the Abyss.
             The game lasted 00:23:27 (16120 turns).

sanboga the Severer (Minotaur Monk)                Turns: 16120, Time: 00:23:28

Health: 0/107      AC: 24    Str: 22    XL:     13   Next: 19%
Magic:  0/12       EV:  9    Int:  7    God:    Hepliaklqana [*****.]
Gold:   1576       SH: 18    Dex: 12    Spells: 12/12 levels left

rFire   . . .      SeeInvis .   a - +0 broad axe (elec)
rCold   + . .      Faith    .   o - +2 tower shield {AC+3}
rNeg    + . .      Spirit   +   g - +0 plate armour
rPois   .          Reflect  .   C - +0 hat of the Guilds {rC+}
rElec   +          Harm     .   m - +1 cloak
rCorr   .          Rampage  .   s - +0 pair of gloves
Will    .....                   k - +0 pair of boots
Stlth   ..........              p - amulet of guardian spirit
HPRegen 0.00/turn               i - +4 ring of evasion
MPRegen 0.13/turn               D - ring "Neilulol" {+Blink Fly rElec rN+}

@: sick, flying
A: reduced essence, horns 2, retaliatory headbutt
a: Renounce Religion, Evoke Blink, Recall Ancestor, Ancestor Identity,
Transference, Idealise


You were on level 5 of the Abyss.
You worshipped Hepliaklqana.
Hepliaklqana was extremely pleased with you.
You visited 2 branches of the dungeon, and saw 14 of its levels.
You visited the Abyss 1 time.
You also visited: Bailey and Gauntlet.

You collected 1576 gold pieces.

Inventory:

Hand Weapons
 a - a +0 broad axe of electrocution (weapon)
 b - a +1 vorpal hand axe
Armour
 g - a +0 plate armour (worn)
 k - a +0 pair of boots (worn)
 m - a +1 cloak (worn)
 o - a +2 tower shield of protection (worn)
 s - a +0 pair of gloves (worn)
 C - the +0 hat of the Guilds (worn) {rC+}
   (You found it in a Gauntlet)

   rC:        It protects you from cold.
Jewellery
 i - a +4 ring of evasion (left hand)
 p - an amulet of guardian spirit (around neck)
 q - a ring of protection from fire
 A - a ring of protection from cold
 D - the ring "Neilulol" (right hand) {+Blink Fly rElec rN+}
   (You found it in a Gauntlet)

   [ring of flight]

   rElec:     It insulates you from electricity.
   rN:        It protects you from negative energy.
   Fly:       It grants you flight.
   +Blink:    It lets you blink.
Wands
 d - a wand of paralysis (4)
 e - a wand of light (5)
 r - a wand of flame (41)
 x - a wand of iceblast (3)
 B - a wand of polymorph (2)
Scrolls
 h - 3 scrolls of magic mapping
 j - 3 scrolls of enchant armour
 l - a scroll of fog
 n - 4 scrolls of enchant weapon
 y - 2 scrolls of teleportation
Potions
 c - a potion of ambrosia
 f - 8 potions of curing
 t - 2 potions of flight {unknown}
 u - 2 potions of mutation
 v - 2 potions of might
 w - 2 potions of haste {unknown}
 z - a potion of cancellation
 E - a potion of resistance {unknown}
 F - a potion of lignification {unknown}


   Skills:
 + Level 12.8 Fighting
 * Level 17.3 Axes
 + Level 12.2 Armour
 - Level 3.2 Dodging
 - Level 1.5 Stealth
 + Level 11.6 Shields


You had 12 spell levels left.
You didn't know any spells.
Your spell library contained the following spells:

 Spells                   Type           Power      Damage    Failure   Level
 Magic Dart               Conj           0%         1d3       100%        1
 Necrotise                Necr           0%         1d4       100%        1
 Searing Ray              Conj           0%         2d4       100%        2
 Vampiric Draining        Necr           0%         2d6       100%        3
 Fulminant Prism          Conj/Hex       0%         3d6       100%        4
 Agony                    Necr           0%         N/A       100%        5


Dungeon Overview and Level Annotations

Branches:
Dungeon (13/15)            Temple (1/1) D:5            Lair (0/5) D:9
    Orc (0/2) D:9          Vaults (0/5) D:13         Bailey (visited)
Gauntlet (visited)

Altars:
Ashenzari
Cheibriados
Dithmenos
Elyvilon
Fedhas
Gozag
Hepliaklqana
Kikubaaqudgha
Makhleb
Nemelex Xobeh
Okawaru
Qazlal
Ru
Sif Muna
Trog
Uskayaw
Vehumet
Wu Jian
Xom
Yredelemnul
Zin
The Shining One

Shops:
D:12 [

Annotations:
D:13 Rupert


Innate Abilities, Weirdness & Mutations

Your life essence is reduced to manifest your ancestor. (-10% HP)
You have a pair of horns on your head.
You reflexively headbutt those who attack you in melee.


Message History

You slash the sixfirhy!
The sixfirhy is moderately wounded.
You miss the sixfirhy. You block the sixfirhy's attack. x3
The sixfirhy closely misses you. The sixfirhy hits you.
The sixfirhy shocks you. You resist. You block the sixfirhy's attack.
The sixfirhy hits you! The sixfirhy shocks you. You resist.
You miss the sixfirhy.
The sixfirhy is moderately wounded.
You slash the sixfirhy! You block the sixfirhy's attack.
You miss the sixfirhy. Your headbutt misses the sixfirhy.
The sixfirhy is moderately wounded.
You slash the sixfirhy! The smoke demon gestures at you. Something smites you!
* * * LOW HITPOINT WARNING * * *
You slice the sixfirhy!! Your headbutt misses the sixfirhy.
The sixfirhy is almost dead.
You hit the sixfirhy but do no damage.
The sixfirhy hits you but does no damage.
You block the sixfirhy's attack. x2; The sixfirhy hits you.
* * * LOW HITPOINT WARNING * * *
The sixfirhy shocks you. You resist.
* * * LOW HITPOINT WARNING * * *
You barely miss the sixfirhy.
The sixfirhy is almost dead.
You closely miss the sixfirhy. The sixfirhy hits you!
* * * LOW HITPOINT WARNING * * *
The sixfirhy shocks you. You resist.
* * * LOW HITPOINT WARNING * * *
You block the sixfirhy's attack. x2
The sixfirhy hits you but does no damage. x2
The sixfirhy misses you.
The sixfirhy hits you but does no damage.
A cacodemon comes into view.
The sixfirhy hits you but does no damage.
You block the sixfirhy's attack.
You completely miss the sixfirhy. Your headbutt misses the sixfirhy.
The sixfirhy is severely wounded.
You hit the sixfirhy. The sixfirhy hits you.
You die...

..#.# #..# ..
.#.#...#...##.#
. .....#. #...#
.##.....#.#..#
#.# .. ....
#......#
#.....2##.#
.... # #...
#.3.# . .#
#..##.33##..# #
#....@..##...##
#####......#
#.#..#..# .
#.#### . .## #
. . .#


You could see a cacodemon, 2 sixfirhies and a smoke demon.

Vanquished Creatures
  A dire elephant (Gauntlet)
  A minotaur (Gauntlet)
  2 vault guards (Bailey)
  A rakshasa (D:9)
  2 hydras
  A two-headed ogre (D:13)
  A death scarab (Gauntlet)
  2 starcursed masses (Abyss:4)
  Pikel (D:6)
  An ugly thing (D:8)
  2 cyclopes (D:12)
  2 manticores
  2 elephants (Gauntlet)
  A gargoyle (D:11)
  2 kobold demonologists (D:11)
  A komodo dragon (shapeshifter) (D:13)
  A komodo dragon (D:11)
  An ancient zyme (Abyss:4)
  4 trolls
  A hornet (shapeshifter) (D:13)
  Prince Ribbit (Bailey)
  A spectral lindwurm (Gauntlet)
  A slime creature (D:9)
  Sigmund (D:3)
  A vampire (D:9)
  4 wraiths
  A spectral komodo dragon (Gauntlet)
  A wyvern (D:9)
  3 humans (Bailey)
  5 vampire mosquitoes (D:12)
  A neqoxec (Abyss:3)
  10 yaks
  A steam dragon (D:9)
  Edmund (D:4)
  2 water moccasins (D:8)
  7 orc warriors
  2 ice beasts
  7 ogres
  A black bear (D:6)
  A sky beast (D:8)
  4 centaurs
  3 kobold brigands
  A gnoll sergeant (D:9)
  2 scorpions
  12 bullfrogs
  13 wights
  Dowan (D:6)
  4 killer bees
  5 howler monkeys
  3 jellies
  7 orc priests
  A hound (D:7)
  A gnoll bouda (D:9)
  Ijyb (D:4)
  Jessica (D:3)
  A hexer (D:7)
  Natasha (D:2)
  14 orc wizards
  Robin (D:4)
  3 gnolls (D:11)
  6 adders
  A white imp (D:6)
  An ufetubus (D:5)
  2 worms
  5 dart slugs
  47 orcs
  4 ball pythons
  6 endoplasms
  3 giant cockroaches
  17 goblins
  7 hobgoblins
  3 jackals (D:2)
  3 quokkas
  6 bats
  3 frilled lizards
  17 kobolds
  3 rats
  A bush (D:10)
  2 toadstools (D:6)
298 creatures vanquished.

Vanquished Creatures (collateral kills)
  Jorgrun (D:13)
  Snorg (D:13)
  A two-headed ogre (D:9)
  A centaur warrior (D:13)
  A death scarab (Gauntlet)
  Lodul (D:11)
  A deep elf pyromancer (D:12)
  2 cyclopes
  A kobold demonologist (D:11)
  A komodo dragon (shapeshifter) (D:8)
  A slime creature (D:13)
  Grinder (D:6)
  3 yaks
  Duvessa (D:6)
  A sky beast (D:8)
  2 orc warriors
  2 ogres (D:11)
  A centaur (D:9)
  A gnoll sergeant (D:11)
  3 bullfrogs
  A wight (D:10)
  2 killer bees (D:10)
  3 howler monkeys
  An orc priest (D:6)
  An iguana (D:6)
  A shadow imp (D:6)
  A white imp (D:6)
  4 orcs
  A goblin (Bailey)
  A hobgoblin (Bailey)
43 creatures vanquished.

Vanquished Creatures (others)
  An orc wizard (D:7)
  10 hexers
  4 fungi
  28 plants
  2 toadstools (D:6)
  8 withered plants (D:1)
53 creatures vanquished.

Grand Total: 394 creatures vanquished

Notes
Turn   | Place    | Note
-------+----------+-------------------------------------------
     0 | D:1      | sanboga the Minotaur Monk began the quest for the Orb.
     0 | D:1      | Reached XP level 1. HP: 19/19 MP: 0/0
    47 | D:1      | Found a faded altar of an unknown god.
   352 | D:1      | Reached skill level 4 in Axes
   378 | D:1      | Reached XP level 2. HP: 18/27 MP: 1/1
   530 | D:1      | Reached skill level 1 in Armour
   769 | D:2      | Reached XP level 3. HP: 22/33 MP: 2/2
  1762 | D:2      | Noticed Natasha
  1768 | D:2      | Killed Natasha
  1769 | D:2      | Reached skill level 5 in Axes
  1769 | D:2      | Reached XP level 4. HP: 41/41 MP: 3/3
  2313 | D:3      | Reached XP level 5. HP: 23/47 MP: 4/4
  2578 | D:3      | Noticed Jessica
  2585 | D:3      | Killed Jessica
  2825 | D:3      | Noticed Sigmund
  2832 | D:3      | Killed Sigmund
  2833 | D:3      | Reached skill level 5 in Fighting
  2833 | D:3      | Reached skill level 6 in Axes
  2833 | D:3      | Reached XP level 6. HP: 43/56 MP: 5/5
  3071 | D:4      | Noticed Robin
  3082 | D:4      | Killed Robin
  3345 | D:4      | Noticed Ijyb
  3346 | D:4      | Reached skill level 7 in Axes
  3346 | D:4      | Reached skill level 1 in Shields
  3346 | D:4      | Reached XP level 7. HP: 12/62 MP: 6/6
  3661 | D:4      | Found a blossoming altar of Fedhas.
  3837 | D:4      | Noticed Edmund
  3852 | D:4      | Killed Edmund
  4183 | D:4      | Killed Ijyb
  4201 | D:5      | Entered Level 5 of the Dungeon
  4508 | D:5      | Found an ornate altar of the Wu Jian Council.
  4829 | D:5      | Reached skill level 8 in Axes
  5049 | D:5      | Found a staircase to the Ecumenical Temple.
  5061 | D:5      | Reached skill level 5 in Armour
  5067 | Temple   | Entered the Ecumenical Temple
  5085 | Temple   | Became a worshipper of Hepliaklqana the Forgotten
  5085 | Temple   | Reached * piety under Hepliaklqana
  5085 | Temple   | Reached ** piety under Hepliaklqana
  5086 | Temple   | Remembered your ancestor Quark as a hexer
  5401 | D:5      | Identified the +2 whip of the Ghost {protect, MP+9}
  5411 | D:6      | Reached XP level 8. HP: 51/63 MP: 7/7
  5696 | D:6      | Noticed Grinder
  5701 | D:6      | Paralysed by Grinder for 2 turns
  5702 | D:6      | Killed Grinder
  5704 | D:6      | Reached skill level 9 in Axes
  5864 | D:6      | Noticed Duvessa
  5864 | D:6      | Noticed Dowan
  5869 | D:6      | Killed Dowan
  5874 | D:6      | Killed Duvessa
  6201 | D:6      | Noticed Pikel
  6209 | D:6      | Killed Pikel
  6210 | D:6      | Reached skill level 10 in Axes
  6210 | D:6      | Reached skill level 5 in Shields
  6210 | D:6      | Reached XP level 9. HP: 65/72 MP: 8/8
  6356 | D:6      | Reached *** piety under Hepliaklqana
  6568 | D:6      | Found a radiant altar of Vehumet.
  6934 | D:7      | Found a flagged portal.
  7043 | Bailey   | Entered a bailey
  7199 | Bailey   | Reached skill level 11 in Axes
  7318 | Bailey   | Noticed a vault guard
  7339 | Bailey   | Killed a vault guard
  7340 | Bailey   | Reached XP level 10. HP: 32/81 MP: 9/9
  7562 | Bailey   | Noticed a vault guard
  7562 | Bailey   | Noticed Prince Ribbit
  7576 | Bailey   | Killed a vault guard
  7577 | Bailey   | Reached skill level 12 in Axes
  7583 | Bailey   | Killed Prince Ribbit
  7825 | D:7      | Found a shadowy altar of Dithmenos.
  7953 | D:7      | Found an ancient bone altar of Kikubaaqudgha.
  8179 | D:7      | Found a white marble altar of Elyvilon.
  8696 | D:8      | Reached skill level 13 in Axes
  8930 | D:8      | Reached **** piety under Hepliaklqana
  9089 | D:8      | Reached skill level 10 in Fighting
  9095 | D:8      | Found a basalt altar of Yredelemnul.
  9817 | D:9      | Found a staircase to the Lair.
  9821 | D:9      | Noticed a manticore
  9826 | D:9      | Killed a manticore
  9827 | D:9      | Reached XP level 11. HP: 82/89 MP: 10/10
  9893 | D:9      | Noticed a rakshasa
 10163 | D:9      | Killed a rakshasa
 10331 | D:9      | Noticed a two-headed ogre
 10337 | D:9      | Killed a two-headed ogre
 10338 | D:9      | Reached skill level 14 in Axes
 10520 | D:9      | Noticed a brown ugly thing
 10520 | D:9      | Noticed an eight-headed hydra
 10552 | D:8      | Killed a brown ugly thing
 10594 | D:9      | Killed an 11-headed hydra
 10841 | D:9      | Reached skill level 10 in Armour
 11242 | D:9      | Found a staircase to the Orcish Mines.
 11315 | D:9      | Found a bloodstained altar of Trog.
 11335 | D:9      | Found a shimmering altar of Xom.
 11338 | D:9      | Found a shimmering altar of Xom.
 11339 | D:9      | Found a shimmering altar of Xom.
 11339 | D:9      | Found a shimmering altar of Xom.
 11649 | D:10     | Entered Level 10 of the Dungeon
 11878 | D:10     | Reached skill level 15 in Axes
 12673 | D:11     | Reached XP level 12. HP: 99/99 MP: 11/11
 12674 | D:11     | Reached skill level 10 in Shields
 12828 | D:11     | You fall into a shaft and drop 2 floors!
 12854 | D:13     | Found a gate leading to a gauntlet.
 12863 | Gauntlet | Entered a Gauntlet
 12863 | Gauntlet | Found a large runed translucent door.
 12863 | Gauntlet | Found a large runed translucent door.
 12863 | Gauntlet | Found a large runed translucent door.
 12863 | Gauntlet | Found a large runed translucent door.
 12863 | Gauntlet | Found a large runed translucent door.
 12863 | Gauntlet | Found a large runed translucent door.
 12863 | Gauntlet | Found a runed translucent door.
 12863 | Gauntlet | Found a transporter.
 12863 | Gauntlet | Found a runed translucent door.
 12863 | Gauntlet | Found a large runed translucent door.
 12863 | Gauntlet | Found a large runed translucent door.
 12863 | Gauntlet | Found a large runed translucent door.
 12863 | Gauntlet | Found a large runed translucent door.
 12863 | Gauntlet | Found a large runed translucent door.
 12863 | Gauntlet | Found a large runed translucent door.
 12994 | Gauntlet | Found a large runed translucent door.
 12994 | Gauntlet | Found a large runed translucent door.
 12995 | Gauntlet | Found a transporter.
 12996 | Gauntlet | Found a runed translucent gate.
 12996 | Gauntlet | Found a runed translucent gate.
 13007 | Gauntlet | Found a transporter.
 13011 | Gauntlet | Found a transporter.
 13013 | Gauntlet | Noticed a death yak
 13014 | Gauntlet | Noticed a death yak
 13015 | Gauntlet | Noticed a death yak
 13021 | Gauntlet | Found a transporter.
 13041 | Gauntlet | Noticed a dire elephant
 13042 | Gauntlet | Found a transporter.
 13046 | Gauntlet | Found a transporter.
 13050 | Gauntlet | Found a transporter.
 13050 | Gauntlet | Noticed a death scarab
 13055 | Gauntlet | Found a runed translucent gate.
 13056 | Gauntlet | Noticed a death scarab
 13058 | Gauntlet | Found a large runed translucent door.
 13059 | Gauntlet | Found a large runed translucent door.
 13080 | Gauntlet | Noticed a blizzard demon
 13090 | Gauntlet | Noticed a blizzard demon
 13094 | Gauntlet | Found a transporter.
 13094 | Gauntlet | Found a transporter.
 13099 | Gauntlet | Found a transporter.
 13100 | Gauntlet | Reached ***** piety under Hepliaklqana
 13133 | Gauntlet | Found a transporter.
 13183 | Gauntlet | Killed a death scarab
 13213 | Gauntlet | Killed a death scarab
 13390 | Gauntlet | Identified the +0 hat of the Guilds {rC+}
 13447 | Gauntlet | Killed a dire elephant
 13453 | Gauntlet | Identified the ring "Neilulol" {+Blink Fly rElec rN+}
 13795 | Gauntlet | Noticed a minotaur
 13807 | Gauntlet | Killed a minotaur
 13808 | Gauntlet | Reached skill level 16 in Axes
 13990 | Gauntlet | Identified the +1 glaive of Woe {pain, rC++ Will+ MP+9
                  | Dex+4}
 14161 | D:13     | Noticed Snorg
 14167 | D:13     | Noticed a two-headed ogre
 14168 | D:13     | Killed Snorg
 14171 | D:13     | Noticed Rupert
 14177 | D:13     | Killed a two-headed ogre
 14185 | D:13     | Noticed a six-headed hydra
 14197 | D:13     | Killed a 14-headed hydra
 14473 | D:12     | Found Biuhageid's Armour Shop.
 14899 | D:11     | Noticed Lodul
 14912 | D:11     | Killed Lodul
 14917 | D:11     | Identified the +4 quarterstaff of Impermanence {venom,
                  | Int+7 Stlth+}
 15485 | D:12     | Identified the +2 ring mail of Agnosticism {rElec rF++
                  | Str-4 Int+4}
 15624 | D:13     | Reached skill level 17 in Axes
 15624 | D:13     | Reached XP level 13. HP: 101/107 MP: 10/12
 15649 | D:13     | Identified the ring "Tugg" {Fire Str+4}
 15658 | D:13     | Found a gate to the Vaults.
 15665 | D:13     | Noticed Jorgrun
 15680 | D:13     | Killed Jorgrun
 15963 | D:13     | Noticed a green very ugly thing
 15963 | Abyss:3  | Cast into level 3 of the Abyss (a wizard)
 16016 | Abyss:4  | Found a corrupted altar of Lugonu.
 16043 | Abyss:4  | Noticed a starcursed mass
 16089 | Abyss:4  | Noticed a bone dragon
 16119 | Abyss:5  | HP: 3/107 [sixfirhy[a cacodemon] (4)]
 16119 | Abyss:5  | Noticed a cacodemon
 16120 | Abyss:5  | Slain by a sixfirhy

Illustrated notes

Levels and vault maps discovered:
D:1:      amcnicky_arrival_blooded_trapdoor, layout_rooms,
          shapermc_ecumenical_altar_flowoftime
D:2:      layout_loops_ring, grunt_ministairs_9, minmay_tetromino_l4,
          uniq_natasha
D:3:      layout_basic, uniq_sigmund, uniq_jessica
D:4:      layout_basic, mainiacjoe_overflow_concentric_impassable,
          hangedman_decor_slide_cut, uniq_ijyb, uniq_edmund, uniq_robin
D:5:      dreamdust_elfheim, layout_basic, nicolae_wu_jian_glorious_leap,
          minmay_temple_entry_enclosed_plants
D:6:      layout_loops_corners, mainiacjoe_overflow_cross_hatched,
          minmay_gold_behind_fungi, nrook_uturn, nicolae_figureground_pulse,
          uniq_duvessa, uniq_pikel, uniq_grinder
D:7:      layout_loops_ring, nicolae_dithmenos_the_darkroom,
          mainiacjoe_overflow_small_starburst, elyvilon_altar_1, enter_bailey_8,
          serial_park_tiny_2
D:8:      layout_loops_ring, nicolae_overflow_hidden_temple, special_room
          [special_room_orc], kennysheep_dice
D:9:      hangedman_cross_cluster, layout_basic, mainiacjoe_overflow_alcove_4,
          xom_redecorated
D:10:     layout_small_grid, serial_park_tiny_1
D:11:     layout_gridville, uniq_lodul
D:12:     layout_roguey, serial_shops, nicolae_shop_waterfront
D:13:     cheibrodos_breeding_chamber, layout_irregular_city,
          gauntlet_entry_generic, uniq_jorgrun, uniq_rupert, uniq_snorg
Temple:   nicolae_temple_ecumenical_triangle
Abyss:5:  base: D:3, base: D:1, minivault_1, evilmike_abyss_rune_ettins,
          minivault_25_ag, serial_sigils_hangedman_shear

Skill      XL: |  1  2  3  4  5  6  7  8  9 10 11 12 |
---------------+-------------------------------------+-----
Axes           | 4 5 6 7 8 10 11 13 15 17 | 17.3
Armour         | 1 2 3 4 5 6 8 9 10 12 | 12.2
Fighting       | 4 5 6 7 8 10 11 12 | 12.8
Shields        | 1 2 5 6 8 9 11 | 11.6
Dodging        | |  3.2
Stealth        | |  1.5

Action                   |  1- 3 |  4- 6 |  7- 9 | 10-12 | 13-15 || total
-------------------------+-------+-------+-------+-------+-------++-------
Melee: Hand axe          |    88 |     1 |       |       |       ||    89
       Headbutt          |    16 |     4 |    45 |   105 |    10 ||   180
       Punch             |     1 |       |       |       |       ||     1
       War axe           |       |    85 |   242 |    33 |       ||   360
       Broad axe         |       |       |       |   459 |    45 ||   504
Invok: Ancestor Life: He |       |       |     1 |       |       ||     1
       Ancestor Identity |       |       |     1 |       |       ||     1
       Recall Ancestor   |       |       |       |     1 |     2 ||     3
Evoke: Wand              |       |       |       |     8 |       ||     8
  Use: Potion            |       |     1 |       |     7 |     2 ||    10
       Scroll            |       |     1 |    17 |    10 |     1 ||    29
 Stab: Sleeping          |     2 |       |       |       |       ||     2
       Distracted        |       |       |     3 |     7 |       ||    10
       Confused          |       |       |     2 |    13 |     2 ||    17
       Invisible         |       |       |       |     4 |       ||     4
       Paralysed         |       |       |       |     1 |       ||     1
Armor: Robe              |    19 |       |       |       |       ||    19
       Chain mail        |     6 |    47 |    65 |       |       ||   118
       Plate armour      |       |       |    26 |   210 |    29 ||   265
Dodge: Dodged            |    54 |    40 |    61 |   132 |     7 ||   294
Block: Tower shield      |       |       |   151 |   466 |    55 ||   672
